[Event "ICCopen2017"]
[Site "Internet Chess Club"]
[Date "2017.03.25"]
[Round "10"]
[White "Vogel"]
[Black "kabindra"]
[Result "1-0"]
[ICCResult "Black forfeits on time"]
[WhiteElo "2196"]
[BlackElo "1523"]
[Opening "QP counter-gambit (elephant gambit)"]
[ECO "C40"]
[NIC "KP.10"]
[Time "16:00:20"]
[TimeControl "180+0"]

1. e4 e5 2. Nf3 d5 3. Nxe5 dxe4 4. d4 Bd6 5. Bf4 Ne7 6. Bc4 O-O 7. O-O Ng6
8. Nxg6 hxg6 9. Bg3 Nc6 10. c3 Bf5 11. Re1 a6 12. a4 Ne7 13. Nd2 Bxg3 14.
hxg3 c6 15. Nxe4 b5 16. Bb3 Nd5 17. Nc5 b4 18. g4 Bc8 19. Bxd5 cxd5 20. Qf3
bxc3 21. bxc3 Be6 22. Rab1 Qa5 23. Rb7 Rac8 24. Re3 Rc7 25. Rxc7 Qxc7 26.
Nxa6 Qc4 27. Nc5 Qa2 28. Qf4 Qb1+ 29. Kh2 Qa2 30. Kg3 g5 31. Qxg5 Qd2 32.
Qf4 g6 33. g5 Bf5 34. Rf3 Be4 35. Qxd2 {Black forfeits on time} 1-0

[Event "ICCopen2017"]
[Site "Internet Chess Club"]
[Date "2017.03.25"]
[Round "10"]
[White "ivancele"]
[Black "bladerunner020"]
[Result "1-0"]
[ICCResult "Black forfeits on time"]
[WhiteElo "1392"]
[BlackElo "1223"]
[Opening "Queen's pawn game"]
[ECO "E00"]
[NIC "QP.07"]
[Time "16:00:04"]
[TimeControl "180+0"]

1. d4 Nf6 2. c4 e6 3. e3 c5 4. Nf3 b6 5. g3 Bb7 6. Bg2 Nc6 7. O-O cxd4 8.
Nxd4 d5 9. Nxc6 Bxc6 10. b3 Bd6 11. Nd2 O-O 12. Bb2 dxc4 13. Bxc6 Qc7 14.
Bxa8 Rxa8 15. Nxc4 Bc5 16. Qf3 Rd8 17. Rad1 Nd5 18. Qg4 f5 19. Qg5 Rf8 20.
Be5 Qd7 21. Kg2 Qf7 22. Qh4 Be7 23. Qh3 Nf6 24. Bxf6 Bxf6 25. Rd6 Qb7+ 26.
Kg1 Qe7 27. Rfd1 h6 28. Qg2 Kh7 29. Rd7 Qe8 30. Rxa7 Bg5 31. Rdd7 Qg6 32.
Rxg7+ Qxg7 33. Rxg7+ Kxg7 34. Qc6 Rf6 35. Qxb6 Kg6 36. Ne5+ Kh5 37. h4 Bxh4
38. gxh4 f4 39. exf4 Rxf4 40. Qxe6 {Black forfeits on time} 1-0

[Event "ICCopen2017"]
[Site "Internet Chess Club"]
[Date "2017.03.25"]
[Round "10"]
[White "Piranha"]
[Black "Zephyr"]
[Result "0-1"]
[ICCResult "White forfeits on time"]
[WhiteElo "1652"]
[BlackElo "1549"]
[Opening "KGD: classical, Svenonius variation"]
[ECO "C25"]
[NIC "VG.04"]
[Time "16:00:04"]
[TimeControl "180+0"]

1. e4 e5 2. Nc3 Bc5 3. Bc4 d6 4. d3 Nf6 5. f4 Nc6 6. Nf3 Bg4 7. h3 Bxf3 8.
Qxf3 exf4 9. Bxf4 Qe7 10. O-O-O Ne5 11. Bxe5 Qxe5 12. g4 O-O-O 13. Rdf1 Rhf8
14. Na4 Bb4 15. c3 Ba5 16. b4 Bb6 17. Nxb6+ cxb6 18. Kb2 Kb8 19. Bxf7 Rc8
20. d4 Qxe4 21. Qxe4 Nxe4 22. Bd5 Rxf1 23. Rxf1 Nxc3 24. Be6 Re8 25. d5 Na4+
26. Kb3 b5 27. Rf7 Nb6 28. Rxg7 Rf8 29. Rf7 Rh8 30. Rg7 Rf8 31. Rg8 Rxg8 32.
Bxg8 h6 33. h4 Kc7 34. g5 hxg5 35. h5 Nd7 36. h6 Nf6 37. h7 Nxh7 38. Bxh7 g4
39. Be4 g3 40. Kc3 Kb6 41. Kd4 a5 42. a3 axb4 43. axb4 Kc7 44. Ke3 Kd7 45.
Kf4 Ke7 46. Kxg3 Kf6 47. Kf3 Ke5 48. Ke3 Kf6 49. Kd3 Ke5 50. Ke3 Kf6 51. Kd4
Kg5 52. Bf3 Kf4 53. Bd1 Kg3 54. Bc2 Kf2 55. Bd3 Ke1 {White forfeits on time}
0-1

[Event "ICCopen2017"]
[Site "Internet Chess Club"]
[Date "2017.03.25"]
[Round "10"]
[White "BryanL"]
[Black "marianzaim"]
[Result "1-0"]
[ICCResult "Black forfeits on time"]
[WhiteElo "1971"]
[BlackElo "1948"]
[Opening "Sicilian: Smith-Morra gambit"]
[ECO "B21"]
[NIC "SI.48"]
[Time "15:59:17"]
[TimeControl "180+0"]

1. e4 c5 2. d4 cxd4 3. c3 d3 4. c4 g6 5. Bxd3 Bg7 6. Nc3 Nc6 7. Nge2 Nf6 8.
O-O O-O 9. h3 d6 10. Be3 Be6 11. b3 a6 12. Rc1 Qa5 13. Qd2 Rfc8 14. Nf4 Qd8
15. Nxe6 fxe6 16. Ne2 Nd7 17. Nf4 Nf8 18. Be2 Qd7 19. Bg4 Ne5 20. Be2 b5 21.
cxb5 axb5 22. Rxc8 Rxc8 23. Rc1 Rxc1+ 24. Qxc1 Qb7 25. f3 Bh6 26. Nd3 Bxe3+
27. Qxe3 Nxd3 28. Qxd3 b4 29. Qc4 Kf7 30. Qc1 Nd7 31. a4 bxa3 32. Qxa3 Qb6+
33. Kh2 Qf2 34. Bb5 Ne5 35. b4 h5 36. Qc3 h4 37. Ba6 g5 38. b5 Ng6 39. Qc1
Nf4 40. Qg1 Qg3+ 41. Kh1 Ne2 42. Qf1 Nf4 43. b6 Nh5 44. b7 Qe5 45. Qe1
{Black forfeits on time}
1-0

[Event "ICCopen2017"]
[Site "Internet Chess Club"]
[Date "2017.03.25"]
[Round "10"]
[White "Rammstein"]
[Black "UAE2002"]
[Result "1-0"]
[ICCResult "Black checkmated"]
[WhiteElo "2080"]
[BlackElo "1980"]
[Opening "Colle system"]
[ECO "A43"]
[NIC "OI.09"]
[Time "16:00:02"]
[TimeControl "180+0"]

1. d4 c5 2. e3 e6 3. Nf3 d5 4. c3 Nf6 5. Bd3 cxd4 6. exd4 Nc6 7. O-O h6 8.
Re1 Bd6 9. Ne5 O-O 10. f4 Nd7 11. Nd2 Re8 12. Qh5 Qe7 13. Nxf7 Nf6 14. Nxh6+
gxh6 15. Qxh6 Qg7 16. Qh4 Be7 17. Re3 Ng4 18. Qh5 Nxe3 19. Qxe8+ Bf8 20. g3
Ne7 21. Nf3 b6 22. Qh5 N7f5 23. Ne5 Bb7 24. Kf2 Rc8 25. Bxe3 Nxe3 26. Kxe3
Bd6 27. Rf1 Rf8 28. Ng4 Rd8 29. Nh6+ Kf8 30. f5 e5 31. f6 exd4+ 32. cxd4 Qc7
33. Nf5 Qf7 34. Qh6+ Ke8 35. Kf3 Kd7 36. Re1 Kc7 37. Nxd6 Kxd6 38. Re7 Qf8
39. Qf4+ Kc6 40. Rc7# {Black checkmated} 1-0

[Event "ICCopen2017"]
[Site "Internet Chess Club"]
[Date "2017.03.25"]
[Round "10"]
[White "Datwinnik"]
[Black "fletcherdavid"]
[Result "1-0"]
[ICCResult "Black forfeits on time"]
[WhiteElo "1349"]
[BlackElo "1744"]
[Opening "Sicilian: Labourdonnais-Löwenthal variation"]
[ECO "B32"]
[NIC "SI.32"]
[Time "15:59:54"]
[TimeControl "180+0"]

1. e4 c5 2. Nf3 Nc6 3. d4 cxd4 4. Nxd4 e5 5. Nb5 a6 6. Nd6+ Bxd6 7. Qxd6 Qe7
8. Qc7 Nf6 9. Nc3 h6 10. Be3 d6 11. Qxe7+ Kxe7 12. O-O-O Be6 13. f3 b5 14.
Be2 Rhc8 15. g4 b4 16. Nd5+ Bxd5 17. exd5 Nd8 18. g5 hxg5 19. Bxg5 a5 20.
Bd3 Nb7 21. Rhe1 Nc5 22. f4 Nxd3+ 23. Rxd3 Kf8 24. fxe5 dxe5 25. Rxe5 Nh7
26. Be7+ Kg8 27. d6 Nf8 28. Bxf8 Kxf8 29. Re7 Rd8 30. Rb7 f6 31. Rg3 Rxd6
32. Rgxg7 Rad8 33. Rbf7+ Ke8 34. Re7+ Kf8 35. Rgf7+ Kg8 36. b3 Rd1+ 37. Kb2
R1d2 38. h3 Rc8 39. Rc7 Rcd8 40. h4 Rh2 41. Rxf6 Rxh4 42. Rf5 a4 43. bxa4
Rh3 44. Rb5 Rc3 45. Rxb4 Rc6 46. Rxc6 Rd7 47. Rf6 Kg7 48. Rf1 Kh7 49. Rg4
Kh8 50. Rh1+ Rh7 51. Rxh7+ Kxh7 52. a5 Kh6 53. a6 {Black forfeits on time}
1-0

[Event "ICCopen2017"]
[Site "Internet Chess Club"]
[Date "2017.03.25"]
[Round "10"]
[White "Djukanyc"]
[Black "joppie"]
[Result "1-0"]
[ICCResult "Black checkmated"]
[WhiteElo "1853"]
[BlackElo "1619"]
[Opening "Sicilian: dragon, Yugoslav attack, Rauser variation"]
[ECO "B76"]
[NIC "SI.32"]
[Time "16:00:01"]
[TimeControl "180+0"]

1. e4 c5 2. Nf3 Nc6 3. d4 cxd4 4. Nxd4 d6 5. Nc3 g6 6. Be3 Bg7 7. f3 Nf6 8.
Qd2 O-O 9. O-O-O Bd7 10. Kb1 a6 11. h4 b5 12. a3 Rc8 13. h5 Qc7 14. Bh6 Nxd4
15. Bxg7 Kxg7 16. hxg6 fxg6 17. Qh6+ Kg8 18. Rxd4 Rf7 19. Rd2 Be6 20. Bd3
Bc4 21. g4 Bxd3 22. cxd3 Qd8 23. d4 Qf8 24. Qh4 e6 25. f4 Ne8 26. f5 exf5
27. gxf5 Qe7 28. Qh3 Rg7 29. fxg6 Rxg6 30. Qxc8 Kg7 31. e5 Qg5 32. Rdh2 h6
33. Qxe8 Qf5+ 34. Ka2 Re6 35. Rg1+ Rg6 36. Rhg2 Qf7+ 37. Qxf7+ Kxf7 38. Rxg6
h5 39. e6+ Ke7 40. Nd5+ Kd8 41. Rg8# {Black checkmated} 1-0

[Event "ICCopen2017"]
[Site "Internet Chess Club"]
[Date "2017.03.25"]
[Round "10"]
[White "HuevosDeLeon"]
[Black "Bojack"]
[Result "1-0"]
[ICCResult "Black resigns"]
[WhiteElo "2593"]
[BlackElo "2042"]
[Opening "Queen's pawn: London system"]
[ECO "A45"]
[NIC "QP.07"]
[Time "16:00:15"]
[TimeControl "180+0"]

1. d4 Nf6 2. Bf4 b6 3. e3 Bb7 4. Nd2 d6 5. Ngf3 Nbd7 6. h3 g6 7. Be2 Bg7 8.
O-O O-O 9. Bh2 Ne4 10. Nxe4 Bxe4 11. a4 a5 12. c3 Qc8 13. Qb3 Qb7 14. Rfd1
Rae8 15. Bb5 Rd8 16. Be2 Rde8 17. Ne1 Qa8 18. Bb5 Rd8 19. f3 Bb7 20. e4 c6
21. Bf1 e5 22. Nc2 Rfe8 23. Ne3 exd4 24. cxd4 c5 25. d5 Qb8 26. Nc4 Ne5 27.
Nxe5 Bxe5 28. Bxe5 Rxe5 29. Qxb6 Rg5 30. Qxa5 Re8 31. Qd2 Rge5 32. a5 f5 33.
a6 Ba8 34. a7 Qd8 35. Qa5 Qg5 36. Qd2 Qf6 37. Bb5 Rf8 38. Re1 f4 39. Bc6 Rg5
40. Bxa8 Rxa8 41. Qa5 Qxb2 42. g4 fxg3 43. Ra2 Qd4+ 44. Kg2 Qg7 45. Rb1 Re5
46. Rb8+ Re8 47. Rxe8+ Rxe8 48. a8=Q Rxa8 49. Qxa8+ Qf8 50. Qxf8+ Kxf8 51.
Ra7 Ke8 52. Kxg3 Kd8 53. Kf4 c4 54. Ke3 g5 55. Kd4 h5 56. Kxc4 h4 57. Kd4
Ke8 58. e5 dxe5+ 59. Kxe5 g4 60. fxg4 Kd8 61. Ke6 Kc8 62. d6 {Black resigns}
1-0

[Event "ICCopen2017"]
[Site "Internet Chess Club"]
[Date "2017.03.25"]
[Round "10"]
[White "PazificDreams"]
[Black "DroolingBaby"]
[Result "0-1"]
[ICCResult "White forfeits on time"]
[WhiteElo "2590"]
[BlackElo "2322"]
[Opening "Réti opening"]
[ECO "A04"]
[NIC "QP.11"]
[Time "15:59:44"]
[TimeControl "180+0"]

1. Nf3 Nc6 2. d4 d6 3. d5 Ne5 4. Nd4 Nf6 5. c4 c5 6. dxc6 bxc6 7. Nc3 c5 8.
Ndb5 g6 9. e4 Bg7 10. Be2 O-O 11. O-O Bb7 12. f3 a6 13. Na3 Nc6 14. Be3 Ne8
15. Qd2 Nc7 16. Nd5 Ne6 17. Rab1 Ned4 18. Bd1 e6 19. Nf4 f5 20. exf5 Rxf5
21. Nc2 e5 22. Nd5 Ne7 23. Nc3 Rf7 24. Bg5 Qd7 25. Ne3 Nef5 26. Ned5 h6 27.
Be3 Nxe3 28. Qxe3 Rb8 29. Qd3 Qf5 30. Be2 Qg5 31. Ne4 Qh4 32. Nxd6 Rff8 33.
Nxb7 Rxb7 34. Rf2 e4 35. Qxe4 Qxe4 36. fxe4 Nxe2+ 37. Rxe2 Bd4+ 38. Kh1 Rxb2
39. Rexb2 Bxb2 40. g3 Rf2 41. Nf4 Bd4 42. Rb8+ Kf7 43. Rb7+ Ke8 44. Rb6 g5
45. Ne6 Rf1+ 46. Kg2 Rg1+ 47. Kh3 h5 48. Nxd4 cxd4 49. Rxa6 Rh1 50. Rd6 g4+
51. Kg2 Ra1 52. e5 Rxa2+ 53. Kg1 Ke7 54. c5 Rc2 55. c6 d3 56. Rxd3 Rxc6 57.
Re3 Ke6 58. Kf2 Rc5 59. Re2 Rxe5 60. Rd2 Kf5 61. Rb2 Ra5 62. Rb8 Re5 63.
Rf8+ Ke4 64. Rf4+ Kd5 65. Rf6 Re6 66. Rf4 Re5 67. Kg2 Re4 68. Rf2 Rd4
{White forfeits on time}
0-1

[Event "ICCopen2017"]
[Site "Internet Chess Club"]
[Date "2017.03.25"]
[Round "10"]
[White "kentaur"]
[Black "motipen"]
[Result "1-0"]
[ICCResult "Black forfeits on time"]
[WhiteElo "1681"]
[BlackElo "1791"]
[Opening "King's pawn opening"]
[ECO "B07"]
[NIC "VO.17"]
[Time "16:00:10"]
[TimeControl "180+0"]

1. e4 d6 2. f4 Nf6 3. Nc3 g6 4. d3 Bg7 5. h3 O-O 6. g4 c5 7. Bg2 Nc6 8. Nf3
Nd4 9. Ne2 Nxf3+ 10. Bxf3 e5 11. f5 d5 12. g5 dxe4 13. dxe4 Nd7 14. f6 Bh8
15. Be3 Qc7 16. Qd5 Re8 17. O-O-O Rb8 18. Nc3 b6 19. Qd6 Qxd6 20. Rxd6 Nf8
21. Nd5 Ne6 22. Ne7+ Kf8 23. Rhd1 Rxe7 24. fxe7+ Kxe7 25. Bg4 Nd4 26. Rd5
Be6 27. Bxe6 fxe6 28. R5xd4 exd4 29. Bf4 Rf8 30. Bg3 Rf3 31. Rg1 Re3 32. Bb8
a6 33. Ba7 Be5 34. Bxb6 Bd6 35. Rg4 Rxh3 36. Kd2 e5 37. Rg2 Re3 38. Rg4 c4
39. c3 Rd3+ 40. Kc2 dxc3 41. bxc3 Rh3 42. Rg2 Ke6 43. Bf2 Be7 44. a4 Rf3 45.
Kd2 Bxg5+ 46. Ke2 Rf4 47. Rxg5 Rxe4+ 48. Kf3 {Black forfeits on time} 1-0

[Event "ICCopen2017"]
[Site "Internet Chess Club"]
[Date "2017.03.25"]
[Round "10"]
[White "BronStorm"]
[Black "Teoretik"]
[Result "1-0"]
[ICCResult "Black checkmated"]
[WhiteElo "1871"]
[BlackElo "1700"]
[Opening "Sicilian: accelerated fianchetto, modern variation"]
[ECO "B34"]
[NIC "SI.31"]
[Time "16:00:13"]
[TimeControl "180+0"]

1. e4 c5 2. Nf3 Nc6 3. Nc3 g6 4. d4 cxd4 5. Nxd4 Bg7 6. Be3 Nf6 7. Nxc6 bxc6
8. e5 Ng8 9. Bd4 Qc7 10. f4 Nh6 11. Qe2 Nf5 12. Bf2 h5 13. g3 a5 14. O-O-O
Ba6 15. Qd2 O-O 16. Bg2 Rab8 17. Be4 Qb7 18. b3 Nh6 19. Na4 d6 20. e6 fxe6
21. Bxg6 Ng4 22. Bd4 e5 23. fxe5 dxe5 24. Bc3 Rfd8 25. Qg5 Bh6 26. Qxh6 Nxh6
27. Rde1 c5 28. Bxe5 Bb5 29. Nc3 Bc6 30. Rhf1 e6 31. Bf4 Nf5 32. Rxe6 Qd7
33. Bxf5 Qf7 34. Rg6+ Kh7 35. Rf6+ Kg8 36. Rxf7 Kxf7 37. Bxb8 Rxb8 38. Bd7+
Ke7 39. Bxc6 Kd6 40. Bf3 Rf8 41. Rd1+ Ke5 42. Bxh5 Rh8 43. g4 Rg8 44. Rd5+
Ke6 45. Rxc5 Rf8 46. Kb2 Rf2 47. Rxa5 Rxh2 48. Ra6+ Kd7 49. a4 Kc7 50. Rg6
Rd2 51. a5 Kb8 52. a6 Rd8 53. Nb5 Ka8 54. Rg7 Rf8 55. Rb7 Rf2 56. Nc7#
{Black checkmated}
1-0

[Event "ICCopen2017"]
[Site "Internet Chess Club"]
[Date "2017.03.25"]
[Round "10"]
[White "Kusox"]
[Black "HouseMorgan"]
[Result "1-0"]
[ICCResult "Black forfeits on time"]
[WhiteElo "2198"]
[BlackElo "2039"]
[Opening "Queen's pawn game, Darooha variation "]
[ECO "D02"]
[NIC "QP.08"]
[Time "15:59:59"]
[TimeControl "180+0"]

1. d4 d5 2. Nf3 Nf6 3. g3 Bf5 4. Bg2 e6 5. O-O Be7 6. c4 c6 7. Nc3 O-O 8.
Ne5 h6 9. Bf4 Nbd7 10. Qd2 Nxe5 11. Bxe5 dxc4 12. e4 Bh7 13. Rfe1 Rc8 14.
Rad1 b5 15. Qe2 Nd7 16. Bf4 Bb4 17. a3 Bxc3 18. bxc3 Nb6 19. d5 cxd5 20.
exd5 Nxd5 21. Bxd5 Bd3 22. Qe3 exd5 23. Qxa7 Re8 24. Qd4 Be4 25. Be5 f6 26.
Bf4 Qe7 27. Bc1 Qf7 28. Re3 Qh5 29. Rde1 Re5 30. f3 Bxf3 31. Rxe5 fxe5 32.
Qxe5 Qh3 33. Qe6+ Qxe6 34. Rxe6 Kf7 35. Rb6 Re8 36. Kf2 Bg4 37. Be3 Bd7 38.
Rb7 Ke6 39. Bd4 g6 40. Rb6+ Kf5 41. Rf6+ Kg5 42. h4+ Kh5 43. Rd6 Be6 44. Rb6
g5 45. hxg5 hxg5 46. Rxb5 Rf8+ 47. Ke3 Kg4 48. Rb6 Rf3+ 49. Kd2 Bf5 50. Be5
Be4 51. Rf6 Rd3+ 52. Ke2 Kh5 53. Rb6 Rf3 54. a4 Kg4 55. a5 Rf7 56. a6 Ra7
57. Bd4 Kxg3 58. Rf6 Ra8 59. a7 Bd3+ 60. Ke3 Re8+ 61. Kd2 Re2+ 62. Kc1 Rc2+
63. Kd1 Ra2 64. Rf7 Be4 65. Rb7 g4 66. Rb8 Bf3+ 67. Kc1 Ra1+ 68. Kb2 Ra6 69.
a8=Q Kg2 70. Qxa6 Kf1 71. Qf6 g3 72. Rg8 {Black forfeits on time} 1-0

[Event "ICCopen2017"]
[Site "Internet Chess Club"]
[Date "2017.03.25"]
[Round "10"]
[White "Lovelife"]
[Black "Spirals"]
[Result "1/2-1/2"]
[ICCResult "Game drawn because neither player has mating material"]
[WhiteElo "1962"]
[BlackElo "2188"]
[Opening "Sicilian defense"]
[ECO "B20"]
[NIC "SI.48"]
[Time "16:00:14"]
[TimeControl "180+0"]

1. e4 c5 2. b3 e6 3. Nf3 Nc6 4. Bb2 a6 5. c4 d6 6. d4 cxd4 7. Nxd4 Nf6 8.
Nc3 Be7 9. Be2 Bd7 10. O-O Nxd4 11. Qxd4 Bc6 12. Rad1 e5 13. Qe3 Qc7 14. f4
O-O 15. Nd5 Bxd5 16. exd5 Nd7 17. Bd3 f5 18. fxe5 dxe5 19. Bxf5 Bc5 20. Bd4
Bxd4 21. Rxd4 exd4 22. Qe6+ Kh8 23. Qxd7 Qxd7 24. Bxd7 Rxf1+ 25. Kxf1 g6 26.
c5 Kg7 27. c6 bxc6 28. dxc6 Ra7 29. Ke2 Kf6 30. Kd3 Ke5 31. b4 Kd6 32. a4
Ra8 33. Kxd4 Rf8 34. b5 axb5 35. axb5 Rf4+ 36. Kc3 Kc7 37. g3 Rf2 38. h3
Rf3+ 39. Kc4 Kb6 40. Kd5 Rxg3 41. Kd6 Rd3+ 42. Ke7 Kc7 43. Kf7 g5 44. Kg7 h5
45. Kg6 g4 46. hxg4 hxg4 47. Bxg4 Rg3 48. Kf5 Rb3 49. Be2 Rb2 50. Bd3 Rb3
51. Ke4 Rb4+ 52. Kd5 Kb6 53. Bc4 Rb1 54. Kd4 Rd1+ 55. Kc3 Rd8 56. Bb3 Rc8
57. Bc4 Rc7 58. Kb4 Re7 59. Bd3 Re5 60. Bc4 Rc5 61. Kc3 Rg5 62. Kb4 Rg4 63.
Kc3 Kc7 64. Kb4 Kb6 65. Kc3 Rh4 66. Bd3 Rh2 67. Bc4 Rh3+ 68. Kb4 Rh2 69. Kc3
Rh1 70. Bd3 Rc1+ 71. Kd4 Rc5 72. Ke3 Rc3 73. Kd2 Ra3 74. Kc2 Ra7 75. Kc3 Rc7
76. Kc4 Rxc6+ 77. Kb4 Rc7 78. Bc4 Rc5 79. Bd5 Rxb5+ 80. Kc4 Rc5+ 81. Kd4
Rxd5+ 82. Kxd5 {Game drawn because neither player has mating material}
1/2-1/2

[Event "ICCopen2017"]
[Site "Internet Chess Club"]
[Date "2017.03.25"]
[Round "10"]
[White "alexander77"]
[Black "Giantvin"]
[Result "0-1"]
[ICCResult "White checkmated"]
[WhiteElo "1745"]
[BlackElo "1953"]
[Opening "Vienna game"]
[ECO "C27"]
[NIC "VG.02"]
[Time "16:01:19"]
[TimeControl "180+0"]

1. e4 e5 2. Nc3 Nf6 3. Bc4 Nxe4 4. Qh5 Nd6 5. Bb3 Be7 6. Nf3 g6 7. Qxe5 O-O
8. O-O Nc6 9. Qf4 Nf5 10. d4 d6 11. Re1 Bf6 12. Be3 Bd7 13. Qe4 Nxe3 14.
fxe3 Bg7 15. Qf4 Na5 16. Rad1 Nxb3 17. axb3 Qf6 18. Qg3 a5 19. Ne4 Qe7 20.
Ned2 a4 21. bxa4 Rxa4 22. b3 Ra2 23. Rc1 Rfa8 24. Nc4 b5 25. Ncd2 Rb2 26.
Qf2 Raa2 27. c4 Bg4 28. cxb5 Bxf3 29. Qxf3 Rxd2 30. Rc6 Bxd4 31. Rc4 Qg5 32.
exd4 Rxg2+ 33. Kh1 Rxh2# {White checkmated} 0-1

[Event "ICCopen2017"]
[Site "Internet Chess Club"]
[Date "2017.03.25"]
[Round "10"]
[White "BlackHorse96"]
[Black "Sibelephant"]
[Result "1/2-1/2"]
[ICCResult "White ran out of time and Black has no material to mate"]
[WhiteElo "3052"]
[BlackElo "3084"]
[Opening "Queen's pawn: Chigorin variation"]
[ECO "D00"]
[NIC "QP.08"]
[Time "16:00:01"]
[TimeControl "180+0"]

1. d4 d5 2. Nc3 Bf5 3. Bf4 e6 4. e3 c6 5. Bd3 Bg6 6. Nf3 Nd7 7. h4 Ngf6 8.
Ne5 Nxe5 9. dxe5 Nd7 10. h5 Bxd3 11. cxd3 Qb6 12. O-O Be7 13. d4 g6 14. Rb1
f5 15. exf6 Nxf6 16. Be5 O-O 17. hxg6 hxg6 18. Qc2 Kf7 19. Ne2 Rh8 20. f3
Rh6 21. Kf2 Rah8 22. g4 g5 23. Kg2 Ke8 24. Rh1 Kf7 25. Rxh6 Rxh6 26. Rf1 Qd8
27. f4 Qg8 28. f5 Ke8 29. Qb3 Nxg4 30. Ng3 Rh2+ 31. Kg1 Rh3 32. Qxb7 Nxe5
33. Qb8+ Bd8 34. Qxe5 Kd7 35. Kg2 Rh4 36. Qb8 Qf7 37. fxe6+ Qxe6 38. Rf5 Rg4
39. Re5 Qd6 40. Qxd6+ Kxd6 41. Kf3 Rh4 42. Nf5+ Kd7 43. Nxh4 gxh4 44. Rh5
Bf6 45. e4 Ke6 46. exd5+ cxd5 47. Ke3 Be7 48. b4 Bf6 49. Rh6 Kf7 50. Rh5 Kg7
51. Rxd5 Kg6 52. Kf3 Bg5 53. Ra5 h3 54. Ra6+ Kf5 55. Kg3 Bf4+ 56. Kxh3 Ke4
57. Ra5 Kxd4 58. Rxa7 Kc3 59. Rb7 Be3 60. Rd7 Kc4 61. Re7 Kxb4 62. Re4+ Ka3
63. Rxe3+ Kxa2 64. Re4 Kb1 65. Re2 Kc1 66. Rf2 Kd1 67. Rg2 Ke1 68. Rg1+ Ke2
69. Rg3 Kf2 70. Rg2+ Ke1 71. Rg3 Kd1 72. Rg1+ Kd2
{White ran out of time and Black has no material to mate}
1/2-1/2

[Event "ICCopen2017"]
[Site "Internet Chess Club"]
[Date "2017.03.25"]
[Round "10"]
[White "Sophiste"]
[Black "Lavrik87"]
[Result "1-0"]
[ICCResult "Black forfeits on time"]
[WhiteElo "3205"]
[BlackElo "2199"]
[Opening "King's Indian: London system"]
[ECO "A48"]
[NIC "QP.03"]
[Time "16:00:12"]
[TimeControl "180+0"]

1. d4 Nf6 2. Nf3 g6 3. Bf4 Bg7 4. Nc3 O-O 5. e4 c5 6. dxc5 Qa5 7. Qd2 Qxc5
8. Be3 Qa5 9. h3 Nc6 10. a3 Rd8 11. O-O-O d6 12. g4 b5 13. Nd5 b4 14. Nxb4
Nxb4 15. Qxb4 Qxb4 16. axb4 Nxe4 17. Bg2 Rb8 18. c3 Bb7 19. Bxa7 Ra8 20. Be3
Rdc8 21. Nd4 Ra2 22. Kb1 Ra4 23. Rhg1 Rxc3 24. bxc3 Nxc3+ 25. Kc2 Nxd1 26.
Kxd1 Rxb4 27. Nc6 Rb1+ 28. Bc1 Kf8 29. Kc2 Rb6 30. Na5 Bxg2 31. Rxg2 f5 32.
gxf5 gxf5 33. Kd3 Kf7 34. Nc4 Rb3+ 35. Ke2 Rxh3 36. Rg1 Bf6 37. Nb6 Bd4 38.
Nd5 e6 39. Nf4 Rh2 40. Be3 Bxe3 41. Kxe3 e5 42. Nd5 Ke6 43. Nc7+ Ke7 44.
Rg7+ Kf6 45. Ne8+ Ke6 46. Nc7+ Kf6 47. Ne8+ Ke6 48. Rb7 f4+ 49. Kf3 Rh3+ 50.
Kg4 Rh2 51. Ng7+ Kd5 52. f3 Rg2+ 53. Kf5 Rg3 54. Ne8 Rxf3 55. Nf6+ Kd4 56.
Rd7 Rd3 57. Rxd6+ Ke3 58. Ng4+ Kd2 59. Ra6 f3 60. Nxe5 f2 61. Ra2+ Ke3 62.
Ng4+ Kf3 63. Rxf2+ Kg3 64. Ke4 Rd8 65. Rf7 Re8+ 66. Ne5 h5 67. Rg7+ Kh2 68.
Kf4 h4 69. Nf3+ {Black forfeits on time} 1-0

[Event "ICCopen2017"]
[Site "Internet Chess Club"]
[Date "2017.03.25"]
[Round "10"]
[White "sloeber84"]
[Black "Baltimora"]
[Result "0-1"]
[ICCResult "White forfeits on time"]
[WhiteElo "1916"]
[BlackElo "2223"]
[Opening "French: exchange variation"]
[ECO "C01"]
[NIC "FR.01"]
[Time "16:01:12"]
[TimeControl "180+0"]

1. e4 e6 2. d4 d5 3. exd5 exd5 4. c4 Nc6 5. Nc3 Bb4 6. Nf3 Nge7 7. Bd3 O-O
8. O-O dxc4 9. Bxc4 Bg4 10. Be3 Bxc3 11. bxc3 Nd5 12. h3 Nxc3 13. Qb3 Bxf3
14. gxf3 b5 15. Bd3 b4 16. a3 a5 17. axb4 axb4 18. Rxa8 Qxa8 19. d5 Na5 20.
Qxb4 Nxd5 21. Qh4 f5 22. Bd4 Qc6 23. Qg5 Qg6 24. Qxg6 hxg6 25. Ra1 Nb3 26.
Bc4 Nxd4 27. Bxd5+ Kh7 28. Ra7 c6 29. Bc4 Nxf3+ 30. Kg2 Ne5 31. Ba2 Rd8 32.
Rc7 Rd2 33. Be6 Kh6 34. h4 Nd3 35. Rc8 g5 36. Kg3 gxh4+ 37. Kxh4 g5+ 38. Kg3
Nxf2 39. Bxf5 Nd1 40. Rc7 g4 41. Kxg4 Ne3+ 42. Kf4 Nxf5 43. Kxf5 Rd6 44. Ke5
Rg6 45. Kd4 Kg5 46. Kc5 Kf4 47. Rxc6 Rg5+ 48. Kb6 Ke4 49. Rc4+ Kd3 50. Rc5
Rg1 51. Rd5+ Kc4 52. Rc5+ Kb4 53. Rb5+ Kc4 54. Rc5+ Kd4 55. Rc6 Rb1+ 56. Kc7
Kd5 57. Rd6+ Ke5 58. Rc6 Rd1 59. Rd6 Rxd6 {White forfeits on time} 0-1

[Event "ICCopen2017"]
[Site "Internet Chess Club"]
[Date "2017.03.25"]
[Round "10"]
[White "Colombiano07"]
[Black "achessman"]
[Result "1/2-1/2"]
[ICCResult "Black ran out of time and White has no material to mate"]
[WhiteElo "1941"]
[BlackElo "1776"]
[Opening "Caro-Kann: classical, 6.h4"]
[ECO "B18"]
[NIC "CK.12"]
[Time "16:01:13"]
[TimeControl "180+0"]

1. e4 c6 2. d4 d5 3. Nc3 dxe4 4. Nxe4 Bf5 5. Ng3 Bg6 6. h4 h6 7. h5 Bh7 8.
Nf3 Nd7 9. Bd3 Bxd3 10. Qxd3 e6 11. Bf4 Qa5+ 12. Bd2 Qc7 13. O-O-O Ngf6 14.
Kb1 O-O-O 15. Ne4 Nxe4 16. Qxe4 Nf6 17. Qd3 Bd6 18. g3 Kb8 19. c4 c5 20. Bc3
cxd4 21. Nxd4 a6 22. Qf3 Qxc4 23. Rc1 Qd5 24. Qe2 Qe4+ 25. Ka1 Be5 26. Nc6+
bxc6 27. Bxe5+ Kb7 28. Qxe4 Nxe4 29. Bxg7 Rh7 30. Be5 Nxf2 31. Rh4 Rd5 32.
Rb4+ Rb5 33. Rxb5+ axb5 34. Bd4 Ng4 35. Bc5 Rg7 36. Rd1 Kc7 37. Bd6+ Kb6 38.
Bf4 e5 39. Bc1 f5 40. Kb1 Kc7 41. Bd2 Nf2 42. Ba5+ Kb7 43. Rd6 Rxg3 44. Rxh6
Nd3 45. Rd6 Rh3 46. h6 Nc5 47. b4 Ne4 48. Rd7+ Ka6 49. h7 Nf6 50. Rd6 Nxh7
51. Rxc6+ Ka7 52. Rc5 f4 53. Rxe5 f3 54. Rf5 Rh1+ 55. Kc2 Rh2+ 56. Kd3 f2
57. Ke2 Ng5 58. Rxf2 Rxf2+ 59. Kxf2 Ne4+ 60. Ke3 Nc3 61. a3 Nb1 62. Kd4 Nxa3
63. Kc5 Ka6 64. Bd8 Nc2 65. Bf6 Ne3 66. Bd4 Nc2 67. Bc3 Na3 68. Kc6 Nc2 69.
Kd5 Na3 70. Kd4 Nc2+ 71. Kd3 Nxb4+ 72. Bxb4 Kb6 73. Kd4 Kc6 74. Ke5 Kc7 75.
Kd5 Kb6 76. Kd6 Ka6 77. Kc6 Ka7 78. Kd5
{Black ran out of time and White has no material to mate}
1/2-1/2

[Event "ICCopen2017"]
[Site "Internet Chess Club"]
[Date "2017.03.25"]
[Round "10"]
[White "fasteagle1"]
[Black "Grann"]
[Result "1-0"]
[ICCResult "Black forfeits on time"]
[WhiteElo "1293"]
[BlackElo "1532"]
[Opening "King's Indian: East Indian defense"]
[ECO "A48"]
[NIC "QP.06"]
[Time "16:01:42"]
[TimeControl "180+0"]

1. d4 Nf6 2. Nf3 g6 3. e3 Bg7 4. Bd3 O-O 5. O-O d6 6. c4 c5 7. Qc2 Nc6 8. d5
Nb4 9. Qe2 Bg4 10. Bd2 Nxd3 11. Qxd3 b5 12. Ng5 bxc4 13. Qxc4 Rb8 14. Bc3 h6
15. Bxf6 Bxf6 16. Nc3 Rb4 17. Qd3 hxg5 18. h3 Bd7 19. a3 Rxb2 20. Rab1 Rxb1
21. Rxb1 Qa5 22. Ne4 Bg7 23. Nxg5 Rc8 24. Rb7 c4 25. Qe4 Qd8 26. Qf3 c3 27.
Qxf7+ Kh8 28. Qf3 Be8 29. Qf4 Kg8 30. Qh4 c2 31. Qh7+ Kf8 32. Ne6+ Kf7 33.
Nxd8+ Rxd8 34. Rxe7+ {Black forfeits on time} 1-0